 Dungeon Crawl Stone Soup version 0.29-a0-322-g68df515428 (webtiles) character file.

Game seed: 16355557112416293024

1115 hellse the Conjurer (level 8, 0/46 HPs)
             Began as an Octopode Conjurer on Apr 6, 2022.
             Was an Initiate of Gozag.
             Slain by a white imp (4 damage)
             ... on level 6 of the Dungeon.
             The game lasted 00:08:10 (6601 turns).

hellse the Conjurer (Octopode Conjurer)             Turns: 6601, Time: 00:08:11

Health: 0/46       AC:  1    Str:  6    XL:     8   Next: 34%
Magic:  13/17      EV: 13    Int: 22    God:    Gozag
Gold:   463        SH:  0    Dex: 11    Spells: 3/19 levels left

rFire   . . .      SeeInvis .   h - +8 autumn katana {vorpal, manifold assault}
rCold   . . .      Faith    .   (no shield)
rNeg    . . .      Spirit   .   (helmet restricted)
rPois   .          Reflect  +   j - amulet of reflection
rElec   .          Harm     .   (no ring)
rCorr   .          Rampage  .   (no ring)
Will    .....                   (no ring)
Stlth   ++........              (no ring)
HPRegen 0.15/turn               (no ring)
MPRegen 0.15/turn               (no ring)
                                (no ring)
                                (no ring)

@: confused, mighty, lethally poisoned (0 -> -18), slowed, very slow
A: almost no armour, amphibious, 8 rings, camouflage 1, gelatinous body 1,
(nimble swimmer 1), tentacles
a: Renounce Religion, Potion Petition, Call Merchant, Bribe Branch


You were on level 6 of the Dungeon.
You worshipped Gozag.
Gozag was aware of your devotion.
You visited 2 branches of the dungeon, and saw 7 of its levels.

You collected 548 gold pieces.
You paid 85 gold pieces to Gozag.

Inventory:

Hand Weapons
 h - the +8 autumn katana (weapon) {vorpal, manifold assault}
   (You found it on level 4 of the Dungeon)

   It sometimes launches melee attacks against multiple visible enemies.
 m - a +2 whip of venom
Missiles
 r - 3 javelins
Jewellery
 j - an amulet of reflection (around mantle)
Wands
 l - a wand of polymorph (6)
 o - a wand of charming (6)
Scrolls
 d - a scroll of noise
 e - a scroll of vulnerability {unknown}
 g - 2 scrolls of teleportation
 i - a scroll of enchant armour
 k - a scroll of summoning
 p - 3 scrolls of magic mapping {unknown}
Potions
 a - 5 potions of magic
 b - 4 potions of might
 c - a potion of attraction {unknown}
 f - 4 potions of curing
 q - 2 potions of mutation {unknown}
 s - a potion of haste {unknown}
 t - 2 potions of resistance
 u - a potion of invisibility {unknown}
 v - a potion of lignification {unknown}


   Skills:
 - Level 2.0 Dodging
 - Level 2.6 Stealth
 - Level 6.3 Spellcasting
 - Level 6.4 Conjurations
 + Level 2.4 Fire Magic
 - Level 3.6 Air Magic


You had 3 spell levels left.
You knew the following spells:

 Your Spells              Type           Power      Damage    Failure   Level
a - Magic Dart            Conj           100%       1d8       1%          1
b - Searing Ray           Conj           70%        2d7       1%          2
c - Iskenderun's Mystic   Conj/Tloc      21%        2d6       24%         4
d - Lightning Bolt        Conj/Air       14%        1d28      30%         5
e - Flame Wave            Conj/Fire      26%        2d7       14%         4

Your spell library contained the following spells:

 Spells                   Type           Power      Damage    Failure   Level
 Static Discharge         Conj/Air       29%        N/A       1%          2
 Scorch                   Fire           34%        2d6       4%          2
 Dazzling Flash           Conj/Hex       42%        N/A       7%          3
 Apportation              Tloc           12%        N/A       9%          1
 Fulminant Prism          Conj/Hex       10%        3d9       24%         4
 Alistair's Intoxication  Tmut/Pois      4%         N/A       94%         5
 Summon Cactus Giant      Summ           3%         N/A       100%        6
 Maxwell's Capacitive Co  Air            11%        ∞         100%        8


Dungeon Overview and Level Annotations

Branches:
Dungeon (6/15)             Temple (1/1) D:4

Altars:
Cheibriados
Elyvilon
Gozag
Makhleb
Nemelex Xobeh
Trog
Yredelemnul
Zin
The Shining One

Annotations:
D:4 2 transporters


Innate Abilities, Weirdness & Mutations

You cannot wear most types of armour.
You are amphibious.
You can wear up to eight rings at the same time.
Your skin changes colour to match your surroundings (Stealth+).
Your rubbery body absorbs attacks. (AC +1, EV +1)
((You are camouflaged when in or above water. (Stealth+)))
You have tentacles for arms and can constrict up to eight enemies at once.


Message History

The orc wizard hits you with a +0 dagger.
The kobold throws a poisoned dart.
The poisoned dart barely misses you.
Unknown command.
It was a potion of curing.
You feel better. The orc wizard closely misses you.
You barely miss the orc wizard.
The kobold shouts!
Your grab misses the orc wizard.
The orc wizard is almost dead.
You block the orc wizard's attack.
The kobold brigand throws a curare-tipped dart.
The curare-tipped dart hits you.
You are poisoned.
You have difficulty breathing.
You feel as though you will be slow longer.
The orc wizard hits you with a +0 dagger.
The orc wizard gestures at you while chanting.
The puff of flame hits you!
Blink to where?
Press: ? - help, Dir - move target, p - orc wizard
As you read the scroll of blinking, it crumbles to dust.
You feel very sick.
The orc wizard gestures wildly while chanting.
The orc wizard flickers and vanishes!
Deactivating autopickup; reactivate with Ctrl-A.
The orc wizard gestures at you while chanting.
You are confused.
Unknown command.
Unknown command.
You feel sick.
The kobold brigand throws a curare-tipped dart.
The curare-tipped dart hits you.
You are more poisoned.
You have difficulty breathing.
* * * LOW HITPOINT WARNING * * *
You feel as though you will be slow longer.
The white imp hits you.
* * * LOW HITPOINT WARNING * * *
The white imp freezes you.
You die...
Your body crumbles into a pile of gold.

###......# ..#......
##........# .!#......
##.......... .........
........#### ##......#
####...###...
#.......####............
.....................)..
.........(........#..)..
.......@5.........##....
......(..o[...)...#.....
...........K............
...........K.....#......
..#.......##..##.##.....
..........##......#.....
..........K......#...##.
.........##........... .
... .............


You could see a kobold brigand, an orc wizard, a white imp and 2 kobolds.

Vanquished Creatures
  An orc warrior (D:5)
  2 black bears (D:5)
  2 ogres (D:6)
  A bullfrog (D:4)
  A scorpion (D:5)
  A howler monkey (D:5)
  2 hounds (D:5)
  4 jellies
  An orc priest (D:3)
  6 orc wizards
  4 adders
  A shadow imp (D:5)
  3 worms
  5 dart slugs
  14 orcs
  5 endoplasms
  5 giant cockroaches
  2 hobgoblins (D:2)
  2 jackals (D:1)
  8 quokkas
  6 ball pythons
  3 bats
  5 frilled lizards
  8 goblins
  11 kobolds
  5 rats
108 creatures vanquished.

Notes
Turn   | Place    | Note
-------+----------+-------------------------------------------
     0 | D:1      | hellse the Octopode Conjurer began the quest for the Orb.
     0 | D:1      | Reached XP level 1. HP: 11/11 MP: 3/3
   211 | D:1      | Reached XP level 2. HP: 17/17 MP: 0/5
   269 | D:1      | Learned a level 2 spell: Searing Ray
   588 | D:1      | You fall into a shaft and drop 1 floor!
  1008 | D:2      | Reached XP level 3. HP: 21/21 MP: 4/6
  1170 | D:1      | Reached skill level 5 in Conjurations
  1467 | D:1      | Found a faded altar of an unknown god.
  2189 | D:2      | Reached XP level 4. HP: 23/27 MP: 0/7
  2492 | D:3      | Learned a level 4 spell: Iskenderun's Mystic Blast
  2802 | D:4      | Found the +8 autumn katana {vorpal, manifold assault}
  2868 | D:4      | Reached XP level 5. HP: 31/31 MP: 0/10
  3021 | D:4      | Found a staircase to the Ecumenical Temple.
  3034 | Temple   | Entered the Ecumenical Temple
  3159 | Temple   | Became a worshipper of Gozag Ym Sagoz the Greedy
  3491 | D:3      | Reached XP level 6. HP: 29/36 MP: 12/12
  3507 | D:3      | Reached skill level 5 in Spellcasting
  4055 | D:4      | Found a transporter.
  4078 | D:4      | Found a transporter.
  4359 | D:5      | Entered Level 5 of the Dungeon
  4941 | D:5      | Noticed a black bear
  4948 | D:5      | Killed a black bear
  4949 | D:5      | Reached XP level 7. HP: 27/41 MP: 6/16
  5096 | D:5      | Found a sparkling altar of Nemelex Xobeh.
  5453 | D:5      | Learned a level 5 spell: Lightning Bolt
  5599 | D:5      | Reached skill level 1 in Air Magic
  5683 | D:5      | Reached XP level 8. HP: 21/46 MP: 9/17
  6361 | D:6      | Learned a level 4 spell: Flame Wave
  6378 | D:6      | Reached skill level 1 in Fire Magic
  6601 | D:6      | Slain by a white imp

Illustrated notes

Levels and vault maps discovered:
D:1:      scummos_arrival_star, layout_basic,
          shapermc_ecumenical_altar_totnotflames
D:2:      minmay_general_purpose_star, layout_basic, minmay_pentomino_o2
D:3:      layout_loops_ring
D:4:      gammafunk_cloud_chamber, layout_rooms, minmay_temple_entry_crystal_x,
          solitary_fountain
D:5:      layout_loops_cross, kennysheep_little_box
D:6:      minmay_flawed_box, layout_cave_pools, corexii_corridor_pit,
          uniq_prince_ribbit1
Temple:   mainiacjoe_temple_hex_bubbles

Skill      XL: |  1  2  3  4  5  6  7  8 |
---------------+-------------------------+-----
Conjurations   | 5 6 |  6.4
Spellcasting   | 3 4 6 |  6.3
Air Magic      | 2 3 |  3.6
Fire Magic     | 2 |  2.4
Dodging        | |  2.0
Stealth        | |  2.6

Action                   |  1- 3 |  4- 6 |  7- 9 || total
-------------------------+-------+-------+-------++-------
Melee: Unarmed           |    27 |       |       ||    27
       Constrict         |     5 |    10 |     4 ||    19
       Tentacles         |     4 |     5 |     2 ||    11
       Katana            |       |    44 |    26 ||    70
       Punch             |       |     1 |       ||     1
 Cast: Magic Dart        |    68 |    40 |    18 ||   126
       Searing Ray       |     1 |     7 |     7 ||    15
       Iskenderun's Myst |       |       |     2 ||     2
  Use: Scroll            |       |     7 |     1 ||     8
       Potion            |       |       |     2 ||     2
 Stab: Sleeping          |     1 |     8 |     3 ||    12
Armor: Skin              |     6 |     2 |       ||     8
Dodge: Dodged            |    25 |    26 |    16 ||    67
Block: Other             |     1 |     8 |     7 ||    16
       Reflection        |       |       |     2 ||     2

Table legend: (Time is in decaauts)
 A = Elapsed time spent in this place.
 B = Non-inter-level travel time spent in this place.
 C = Inter-level travel time spent in this place.
 D = Time resting spent in this place.
 E = Time spent auto-exploring this place.
 F = Levels seen in this place.
 G = Mean time per level.
                   A        B        C        D        E       F      G
               +--------+--------+--------+--------+--------+-----+--------+
         Total |   6623 |   6421 |    202 |   1691 |   3962 |   7 |  946.1 |
       Dungeon |   6487 |   6317 |    170 |   1691 |   3861 |   6 | 1081.2 |
        Temple |    135 |    103 |     32 |      0 |    101 |   1 |  135.0 |
               +--------+--------+--------+--------+--------+-----+--------+

Top non-repeatable levels by time:
     D:5: 1663 daAuts
     D:2: 1295 daAuts
     D:1: 1166 daAuts
     D:3: 1029 daAuts
     D:4: 738 daAuts
     D:6: 594 daAuts
  Temple: 135 daAuts
